 Dungeon Crawl Stone Soup version 0.31-a0-875-g02e7d12df6 (webtiles) character file.

Game seed: 2457838292640486423

333 subawu the Ruffian (level 6, -6/35 HPs)
             Began as a Tengu Shapeshifter on Oct 12, 2023.
             Mangled by an orc
             ... wielding a +0 trident
              (7 damage)
             ... on level 5 of the Dungeon.
             The game lasted 00:08:01 (2454 turns).

subawu the Ruffian (Tengu Shapeshifter)             Turns: 2454, Time: 00:08:01

Health: -6/35      AC:  3    Str: 17    XL:     6   Next: 53%
Magic:  7/7        EV: 12    Int: 10    God:
Gold:   146        SH:  0    Dex: 13    Spells: 5/5 levels left

rFire   + .          .
                       - Unarmed
rCold   + . .        (no shield)
rNeg    . . .        k - +0 leather armour "Ricwoo" {rF+ rC+}
rPois   .            (helmet currently unavailable)
rElec   .            (cloak currently unavailable)
rCorr   .            (gloves currently unavailable)
SInv    .            (boots unavailable)
Will    .....        (no amulet)
Stlth   +            (no ring)
HPRegen 0.25/turn    (no ring)
MPRegen 0.10/turn

%: acrobat
@: beast-form
A: beast (slay +1), beak, talons 3, acrobatic
a: Begin Untransformation


You were on level 5 of the Dungeon.
You were a hulking beast.
You visited 1 branch of the dungeon, and saw 4 of its levels.

You collected 146 gold pieces.

Inventory:

Missiles
 i - 42 stones
 l - 4 poisoned darts
Armour
 a - a +0 animal skin
 e - a +0 ring mail
 h - a +0 pair of boots
 k - the +0 leather armour "Ricwoo" (worn) {rF+ rC+}
   (You found it on level 2 of the Dungeon)

   rF+:       It protects you from fire.
   rC+:       It protects you from cold.
 r - a +0 ring mail
Talismans
 c - a beast talisman (active)
 d - a flux talisman
Wands
 q - a wand of polymorph (1)
Scrolls
 g - a scroll of enchant weapon {unknown}
 n - a scroll of fear {unknown}
 o - a scroll of noise {unknown}
 p - a scroll of poison {unknown}
Potions
 f - a potion of heal wounds
 j - a potion of degeneration {unknown}
 m - a potion of cancellation {unknown}
 s - a potion of mutation {unknown}


   Skills:
 + Level 2.0 Fighting
 + Level 2.1 Armour
 + Level 3.1 Dodging
 + Level 0.8 Stealth
 + Level 5.8 Unarmed Combat
 + Level 3.4 Shapeshifting


You had 5 spell levels left.
You didn't know any spells.
Your spell library contained the following spells:

 Spells                   Type           Power      Damage    Failure   Level
 Summon Guardian Golem    Hex/Summ       0%         N/A       80%         3
 Orb of Destruction       Conj           0%         9d5       100%        7
 Spellforged Servitor     Conj/Summ      0%         N/A       100%        7


Dungeon Overview and Level Annotations

Branches:
Dungeon (3/15)

Altars:


Innate Abilities, Weirdness & Mutations

You are a hulking beast.
Your limbs bulge with bestial killing power. (Slay +1)
You have a beak for a mouth.
You have claws for feet.
You can magically evade attacks while moving or waiting.


Message History

You hit the jackal.
You kill the jackal!
The jackal barely misses you. The jackal closely misses you.
The iguana misses you. The orc misses you. The jackal bites you.
You barely miss the orc priest. The jackal barely misses you. x2
The orc barely misses you. The iguana bites you.
The orc priest closely misses you.
You hit the orc priest but do no damage.
You peck the orc priest. You punch the orc priest.
The orc priest is severely wounded.
The jackal closely misses you. The jackal bites you.
You hit the orc priest.
You peck the orc priest, but do no damage.
The orc priest is almost dead.
The jackal closely misses you. The iguana barely misses you.
The orc priest invokes the aid of Beogh against you.
You barely resist.
The jackal bites you but does no damage.
The orc hits you but does no damage.
You hit the orc priest but do no damage.
You peck the orc priest.
You kill the orc priest!
The jackal bites you but does no damage.
The jackal closely misses you. The iguana bites you! The orc barely misses you.
The sleepcap misses you. The jackal barely misses you. x2
You punch the iguana! You claw the iguana, but do no damage.
You peck the iguana!
The iguana is severely wounded.
The iguana bites you!
* * * LOW HITPOINT WARNING * * *
The orc hits you but does no damage. The sleepcap releases spores at you.
* * * LOW HITPOINT WARNING * * *
The jackal bites you.
* * * LOW HITPOINT WARNING * * *
The jackal closely misses you.
You closely miss the iguana. You peck the iguana.
The iguana is almost dead.
The jackal misses you.
The orc hits you from afar with a +0 trident!
You die...

#...............##
....>............##
..#.###...........#
. # ###.........##
.#.####....###
[...##.....##
............#
......h)l...#
.....ofh....#
......h...###
............#
...........##
......###.## ......
.. ###... ..# #.#.
.##


You could see a sleepcap, an iguana, an orc and 2 jackals.

Vanquished Creatures
  A scorpion (D:5)
  An orc priest (D:5)
  A hound (D:3)
  A jelly (D:5)
  An orc wizard (D:5)
  3 gnolls (D:5)
  4 adders
  A shadow imp (D:5)
  4 worms
  A dart slug (D:2)
  8 ball pythons
  6 bats
  11 endoplasms
  4 giant cockroaches
  6 hobgoblins
  9 jackals
  4 kobolds
  4 quokkas
  A frilled lizard (D:2)
  3 goblins
  2 rats
76 creatures vanquished.

Notes
Turn   | Place    | Note
-------+----------+-------------------------------------------
     0 | D:1      | subawu the Tengu Shapeshifter began the quest for the Orb.
     0 | D:1      | Reached XP level 1. HP: 12/12 MP: 2/2
   133 | D:1      | Reached XP level 2. HP: 16/16 MP: 3/3
   509 | D:1      | Reached XP level 3. HP: 20/20 MP: 4/4
   558 | D:1      | Reached skill level 4 in Unarmed Combat
  1117 | D:2      | Reached skill level 1 in Armour
  1204 | D:2      | Identified the +0 leather armour "Ricwoo" {rF+ rC+}
  1269 | D:2      | Reached XP level 4. HP: 22/25 MP: 5/5
  1855 | D:3      | Reached XP level 5. HP: 29/29 MP: 6/6
  1981 | D:3      | Reached skill level 5 in Unarmed Combat
  2007 | D:3      | You fall into a shaft and drop 2 floors!
  2007 | D:5      | Entered Level 5 of the Dungeon
  2238 | D:5      | Reached XP level 6. HP: 23/35 MP: 7/7
  2453 | D:5      | HP: 1/35 [jackal (2)]
  2454 | D:5      | Mangled by an orc

Illustrated notes

Levels and vault maps discovered:
D:1:      elethiomel_arrival_infinity_welcomes_careful_drivers,
          layout_loops_corners
D:2:      layout_rooms, minmay_indecisive_spiral
D:3:      layout_basic
D:5:      layout_cave_pools, minmay_quadrilaterals

Skill      XL: |  1  2  3  4  5  6 |
---------------+-------------------+-----
Shapeshifting  | 3 |  3.4
Unarmed Combat | 4 5 |  5.8
Armour         | 1 2 |  2.1
Fighting       | 2 |  2.0
Dodging        | 3 |  3.1
Stealth        | |  0.8

Action                     |  1- 3 |  4- 6 || total
---------------------------+-------+-------++-------
  Melee: Unarmed           |    85 |    80 ||   165
         Kick              |    18 |    23 ||    41
         Punch             |     2 |     4 ||     6
         Peck              |     3 |    21 ||    24
  Evoke: Wand              |       |     2 ||     2
    Use: Potion            |       |     2 ||     2
 Armour: Ring mail         |    48 |       ||    48
         Leather armour    |     1 |    47 ||    48
         Skin              |       |     7 ||     7
  Dodge: Dodged            |   142 |    98 ||   240

Table legend: (Time is in decaauts)
 A = Elapsed time spent in this place.
 B = Non-inter-level travel time spent in this place.
 C = Inter-level travel time spent in this place.
 D = Time resting spent in this place.
 E = Time spent auto-exploring this place.
 F = Levels seen in this place.
 G = Mean time per level.
                   A        B        C        D        E       F      G
               +--------+--------+--------+--------+--------+-----+--------+
         Total |   2441 |   2421 |     20 |    249 |   1061 |   4 |  610.2 |
       Dungeon |   2441 |   2421 |     20 |    249 |   1061 |   4 |  610.2 |
               +--------+--------+--------+--------+--------+-----+--------+

Top non-repeatable levels by time:
     D:1: 960 daAuts
     D:2: 759 daAuts
     D:5: 443 daAuts
     D:3: 277 daAuts
